Map: Dusk Towers

Players

Pokebunny

  • Race: Terran Terran
  • League: Grandmaster

llllllllllll - Winner!

  • Race: Zerg Zerg
  • League: Grandmaster

VOD

Have the link to the VOD?

Description

Time

  • Played on: April 5, 2016, 7:43 p.m.
  • Length: 4:33
Show
View Real Time Build Order
Export as new Build Order

Pokebunny Terran 

Build Orders: Reaper Expand 

Get SALT Encoding   

  12  0:01  SCV  
  13  0:13  SCV  
  14  0:17  Supply Depot  
  14  0:25  SCV  
  15  0:39  SCV  
  15  0:40  Barracks  
  16  0:44  Refinery  
  16  0:51  SCV  
  17  1:03  SCV  
  18  1:15  SCV  
  19  1:27  Orbital Command  
  19  1:28  Reaper  
  20  1:41  Command Center  
  20  1:54  Supply Depot, SCV  
  21  2:00  Marine  
  22  2:06  SCV  
  23  2:18  Factory  
  23  2:21  Barracks Reactor  
  23  2:22  Refinery, SCV  
  24  2:40  SCV  
  25  2:52  SCV  
  25  2:53  Orbital Command  
  26  3:06  Starport  
  26  3:09  Command Center  
  26  3:10  Barracks Tech Lab  
  26  3:12  Hellion  
  30  3:21  SCV  
  30  3:24  SCV  
  32  3:31  Marine  
  35  3:37  SCV x2  
  35  3:39  Hellion x2  
  37  3:49  Bunker  
  37  3:50  Marauder  
  31  4:03  Hellion x2  
Show
View Real Time Build Order
Export as new Build Order

llllllllllll Zerg - Winner!

Build Orders: Hatch First 

Get SALT Encoding   

  12  0:01  Drone  
  13  0:12  Overlord  
  13  0:16  Drone  
  14  0:30  Drone x2  
  16  0:36  Drone  
  17  0:55  Hatchery  
  16  1:00  Drone  
  16  1:03  Drone  
  18  1:09  Drone, Extractor  
  18  1:22  Spawning Pool  
  18  1:25  Drone  
  18  1:31  Extractor  
  17  1:35  Drone  
  18  1:42  Overlord  
  18  1:55  Drone  
  19  2:08  Queen  
  19  2:09  Queen  
  19  2:11  Zergling x2  
  19  2:12  Zergling x2  
  25  2:21  Roach Warren  
  24  2:24  Zergling x2  
  24  2:54  Overlord  
  24  3:02  Roach x2  
  24  3:03  Roach  
  30  3:15  Roach  
  30  3:18  Roach  
  30  3:19  Roach x2  
  38  3:20  Drone x2  
  38  3:23  Ravager  
  41  3:30  Overlord  
  41  3:31  Zergling x4  
  43  3:36  Overlord  
  43  3:40  Ravager  
  44  3:43  Overlord  
  44  3:59  Roach  
  44  4:01  Roach  
  48  4:03  Overlord  
  48  4:07  Roach  
Tags
 
Add a new tag
Caveats
  • Supply blocks, unpowered buildings, or Contaminate may cause inaccurate times.
  • Supply counts are checked every 10 seconds.